 Dungeon Crawl Stone Soup version 0.19.1 (webtiles) character file.

126 RaHiT the Conjurer (level 4, -5/32 HPs)
             Began as a Mummy Conjurer on Nov 24, 2016.
             Slain by a worker ant (7 damage)
             ... on level 3 of the Dungeon.
             The game lasted 00:19:15 (3388 turns).

RaHiT the Conjurer (Mummy Conjurer)                 Turns: 3388, Time: 00:19:16

Health: -5/32      AC:  1    Str: 11    XL:     4   Next: 83%
Magic:  1/9        EV: 12    Int: 15    God:
Gold:   179        SH:  0    Dex: 12    Spells: 3 memorised, 3 levels left

rFire  x . .     SeeInvis .     m - staff of earth
rCold  + . .     Gourm    .     n - -2 robe (curse)
rNeg   + + +     Faith    .     (no shield)
rPois  ∞         Spirit   .     (no helmet)
rElec  .         Reflect  .     (no cloak)
rCorr  .         Harm     .     i - +0 pair of gloves
MR     .....                    (no boots)
Stlth  ++........               (no amulet)
                                (no ring)
                                (no ring)

@: no status effects
A: no food or potions, fire vulnerability, cold resistance 1, negative energy
resistance 3, torment resistance, unbreathing
a: no special abilities


You were on level 3 of the Dungeon.
You were not hungry.

You visited 1 branch of the dungeon, and saw 3 of its levels.

You collected 179 gold pieces.

Inventory:

Hand Weapons
 e - a +0 short sword
Missiles
 c - 4 curare-tipped needles
 d - 162 stones (quivered)
Armour
 a - a +0 robe
 i - a +0 pair of gloves (worn)
 n - a cursed -2 robe (worn)
Magical Staves
 m - an uncursed staff of earth (weapon)
Scrolls
 f - 3 scrolls of recharging {unknown}
 g - 3 scrolls of identify
 h - 2 scrolls of remove curse {unknown}
 j - 2 scrolls of fog {unknown}
 k - a scroll of random uselessness {unknown}
Books
 b - a book of Conjurations

   Spells                             Type                      Level
   a - Magic Dart                     Conjuration                  1
   b - Searing Ray                    Conjuration                  2
   c - Dazzling Spray                 Conjuration/Hexes            3
   d - Fulminant Prism                Conjuration/Hexes            4
   e - Iskenderun's Mystic Blast      Conjuration                  4
   f - Iskenderun's Battlesphere      Conjuration/Charms           5


   Skills:
 - Level 1.0 Fighting
 + Level 0.2 Armour
 - Level 2.0 Dodging
 - Level 1.5 Stealth
 * Level 3.3 Spellcasting
 - Level 4.0 Conjurations


You had 3 spell levels left.
You knew the following spells:

 Your Spells              Type           Power        Failure   Level  Hunger
a - Magic Dart            Conj           ##..         4%          1    N/A
b - Searing Ray           Conj           ##....       8%          2    N/A
c - Dazzling Spray        Conj/Hex       #.....       30%         3    N/A

Dungeon Overview and Level Annotations

Branches:
Dungeon (3/15)

Altars:
Ashenzari
Ru
Trog


Innate Abilities, Weirdness & Mutations

You do not eat or drink.
Your flesh is vulnerable to fire.
You are immune to poison.
Your flesh is cold resistant. (rC+)
You are immune to negative energy. (rN+++)
You are immune to unholy pain and torment.
You can survive without breathing.


Message History

It is a scroll of identify.
l - a scroll of teleportation The worker ant closely misses you.
As you read the scroll of teleportation, it crumbles to dust.
You feel strangely unstable. The worker ant barely misses you.
Your surroundings suddenly seem different.
Casting: Magic Dart
Confirm with . or Enter, or press ? or * to list all spells.
Aiming: Searing Ray
Press: ? - help, Shift-Dir - straight line, f/p - worker ant
Aim: a worker ant (severely wounded)
The searing ray hits the worker ant.
The worker ant is almost dead.
Without enough magic to sustain it, your searing ray dissipates.
The worker ant bites you.
* * * LOW HITPOINT WARNING * * *
You closely miss the worker ant.
The worker ant is almost dead.
The worker ant bites you!
You die...

#####'###..............# #.#
............#....####..# #.#
............)..........# #.#
..........#......####.#########.#
..........#......# #...........#
..........##..##.# #############
.................#
#############..#a# ##.#@# #...#
##..# #..# #..# #.># ####


You could see a worker ant.

Vanquished Creatures
  4 adders (D:2)
  A gnoll (D:1)
  2 oozes
  A worm (D:2)
  A dart slug (D:1)
  A leopard gecko (D:1)
  An orc (D:3)
  5 bats
  3 giant cockroaches
  6 goblins
  8 hobgoblins
  3 jackals (D:2)
  11 kobolds
  A quokka (D:3)
  5 frilled lizards
  13 rats
66 creatures vanquished.

Notes
Turn   | Place    | Note
-------+----------+-------------------------------------------
     0 | D:1      | RaHiT the Mummy Conjurer began the quest for the Orb.
     0 | D:1      | Reached XP level 1. HP: 13/13 MP: 3/3
   470 | D:1      | Reached XP level 2. HP: 9/19 MP: 0/5
   474 | D:1      | Learned a level 2 spell: Searing Ray
   968 | D:1      | Reached XP level 3. HP: 25/25 MP: 5/7
  1005 | D:1      | Learned a level 3 spell: Dazzling Spray
  1306 | D:1      | Reached skill level 1 in Fighting
  1845 | D:2      | Found a shattered altar of Ashenzari.
  2018 | D:2      | Found a bloodstained altar of Trog.
  2198 | D:2      | Found a sacrificial altar of Ru.
  2221 | D:2      | Reached XP level 4. HP: 30/32 MP: 2/8
  2575 | D:2      | Reached skill level 4 in Conjurations
  3365 | D:3      | HP: 1/32 [worker ant (6)]
  3388 | D:3      | Slain by a worker ant

Skill      XL: |  1  2  3  4 |
---------------+-------------+-----
Dodging        | 2 |  2.0
Fighting       | 1 |  1.0
Spellcasting   | 3 |  3.3
Conjurations   | 4 |  4.0
Armour         | |  0.2
Stealth        | |  1.5

Action                   |  1- 3 |  4- 6 || total
-------------------------+-------+-------++-------
Melee: Short sword       |    55 |    38 ||    93
       Unarmed           |     3 |       ||     3
       Staff             |       |    10 ||    10
Throw: Stone             |    15 |     5 ||    20
 Cast: Magic Dart        |    37 |    15 ||    52
       Searing Ray       |    10 |     9 ||    19
  Use: Scroll            |       |     2 ||     2
 Stab: Sleeping          |       |     2 ||     2
Armor: Robe              |    24 |    14 ||    38
Dodge: Dodged            |    58 |    35 ||    93
